 Dungeon Crawl Stone Soup version 0.22-a0-512-g0943f25 (webtiles) character file.

156 gmonis the Skirmisher (level 5, 0/42 HPs)
             Began as a Demonspawn Abyssal Knight on June 18, 2018.
             Was a Believer of Lugonu.
             Slain by a bat (1 damage)
             ... on level 3 of the Dungeon.
             The game lasted 00:07:43 (2653 turns).

gmonis the Skirmisher (Demonspawn Abyssal Knight)   Turns: 2653, Time: 00:07:43

Health: 0/42       AC:  3    Str: 12    XL:     5   Next: 14%
Magic:  7/7        EV:  9    Int: 13    God:    Lugonu [**....]
Gold:   64         SH:  7    Dex: 14    Spells: 4/4 levels left

rFire    . . .     SeeInvis .   a - +1 falchion
rCold    . . .     Gourm    .   n - +0 shield
rNeg     . . .     Faith    .   b - +0 leather armour
rPois    .         Spirit   .   (no helmet)
rElec    .         Reflect  .   (no cloak)
rCorr    .         Harm     .   (no gloves)
MR       .....                  (no boots)
Stlth    +.........             (no amulet)
HPRegen  0.14/turn              (no ring)
MPRegen  0.10/turn              (no ring)

@: hasted, very quick
A: talons 2
a: Depart the Abyss, Bend Space, Renounce Religion


You were on level 3 of the Dungeon.
You worshipped Lugonu.
Lugonu was pleased with you.
You were not hungry.

You visited 1 branch of the dungeon, and saw 3 of its levels.
You visited the Abyss 1 time.

You collected 64 gold pieces.

Inventory:

Hand Weapons
 a - a +1 falchion (weapon)
Missiles
 o - 46 stones (quivered)
Armour
 b - a +0 leather armour (worn)
 n - a +0 shield (worn)
Jewellery
 r - an uncursed ring of ice {unknown}
Wands
 d - a wand of polymorph (7)
Scrolls
 e - a scroll of enchant armour {unknown}
 h - 3 scrolls of identify {unknown}
 i - a scroll of blinking {unknown}
 j - a scroll of teleportation
 k - a scroll of remove curse {unknown}
 l - a scroll of amnesia {unknown}
 p - a scroll of immolation {unknown}
 s - a scroll of magic mapping {unknown}
Potions
 f - a potion of degeneration {unknown}
 g - a potion of haste
 m - a potion of curing {unknown}
 t - a potion of magic {unknown}
Comestibles
 c - 6 rations
 q - 2 chunks of flesh


   Skills:
 + Level 4.1 Fighting
 + Level 2.8 Long Blades
 + Level 2.5 Armour
 + Level 1.6 Dodging
 + Level 1.0 Shields
 - Level 2.8 Invocations


You had 4 spell levels left.
You didn't know any spells.
Your spell library was empty.

Dungeon Overview and Level Annotations

Branches:
Dungeon (3/15)

Altars:
Dithmenos

Annotations:
D:3 Terence


Innate Abilities, Weirdness & Mutations

You have razor-sharp toenails.


Message History

It was a potion of haste.
You feel yourself speed up. The bat hits you but does no damage.
Why would you want to do that?
Unknown command.
You block the bat's attack.
A jackal comes into view.
The bat closely misses you. You block the bat's attack.
You block the bat's attack. The bat completely misses you.
You block the bat's attack. The bat hits you but does no damage.
The bat hits you.
* * * LOW HITPOINT WARNING * * *
The bat hits you but does no damage. As you open the gate, it creaks loudly!
The bat hits you but does no damage. You block the adder's attack.
There is an open gate here.
The bat hits you.
You die...

#.........##..)...(..(..####....
#.#..##.#.##............#)[)....
#.#..##.#.##......#.......##....
#.#.....#.##......#.....####.##.
#)#.##..#.#######.####.......##.
#.#.##..#.......#.. ....#######.
#...............######.## #.
######.##.###..........###### #.
#....# #(.@#####<....... .#
####.###'b'###....#.##.# .
###...S...###.## # .
##..≈...≈..##.# #..≈.≈.≈.≈..###
#..≈...≈w.@≈..##
..≈.≈.≈h≈.≈.≈..##
.≈...≈.#.≈...≈..##
≈.≈.≈.≈.≈.≈.≈.≈..#


You could see Terence, a worm, an adder, a jackal and a bat.

Vanquished Creatures
  A hound (D:2)
  Crazy Yiuf (D:2)
  An adder (D:2)
  A shadow imp (D:2)
  2 oozes (D:1)
  3 dart slugs (D:2)
  2 leopard geckos
  7 orcs
  4 bats
  A giant cockroach (D:3)
  6 goblins
  6 hobgoblins
  3 quokkas (D:2)
  A ball python (D:2)
  6 frilled lizards
  5 kobolds
  11 rats
  A fungus (D:2)
62 creatures vanquished.

Notes
Turn   | Place    | Note
-------+----------+-------------------------------------------
     0 | Abyss:1  | gmonis the Demonspawn Abyssal Knight began the quest for the Orb.
     0 | Abyss:1  | Reached XP level 1. HP: 18/18 MP: 2/2
    10 | Abyss:1  | Found a corrupted altar of Lugonu.
    56 | D:1      | Escaped the Abyss
   363 | D:1      | Reached skill level 1 in Dodging
   365 | D:1      | Gained mutation: You have sharp toenails. [demonic ancestry]
   365 | D:1      | Reached XP level 2. HP: 24/24 MP: 3/3
  1205 | D:2      | Gained mutation: You have razor-sharp toenails. [demonic ancestry]
  1205 | D:2      | Reached XP level 3. HP: 27/29 MP: 4/4
  1235 | D:2      | Reached ** piety under Lugonu
  1619 | D:2      | Reached XP level 4. HP: 18/37 MP: 4/6
  1897 | D:2      | Reached skill level 4 in Fighting
  2262 | D:2      | Found a runed door.
  2266 | D:2      | Noticed Crazy Yiuf
  2280 | D:2      | Killed Crazy Yiuf
  2486 | D:3      | Reached skill level 1 in Shields
  2486 | D:3      | Reached XP level 5. HP: 42/42 MP: 7/7
  2615 | D:3      | Found a shadowy altar of Dithmenos.
  2637 | D:3      | HP: 1/42 [orc wizard/magic dart (6)]
  2639 | D:3      | Noticed Terence
  2649 | D:3      | HP: 1/42 [bat (1)]
  2653 | D:3      | Slain by a bat

Vault maps used:
D:1:      scummos_arrival_checkerplants, hangedman_decor_slide_cut
D:2:      uniq_crazy_yiuf_cottage
D:3:      nicolae_overflow_hidden_temple, nicolae_dithmenos_shadow_blocks,
          kennysheep_cluttered_room, minmay_gold_behind_fungi, minivault_5,
          kennysheep_generic_room_6, uniq_terence

Skill      XL: |  1  2  3  4 |
---------------+-------------+-----
Dodging        | 1 |  1.6
Long Blades    | 2 |  2.8
Armour         | 2 |  2.5
Fighting       | 4 |  4.1
Shields        | 1 |  1.0
Invocations    | |  2.8

Action                   |  1- 3 |  4- 6 || total
-------------------------+-------+-------++-------
Melee: Falchion          |   109 |    68 ||   177
       Kick              |    23 |    28 ||    51
Invok: Bend Space        |     1 |       ||     1
  Use: Potion            |     2 |     2 ||     4
       Scroll            |       |     1 ||     1
 Stab: Invisible         |       |     3 ||     3
       Sleeping          |       |     1 ||     1
  Eat: Chunk             |     2 |     4 ||     6
Armor: Leather armour    |    28 |    18 ||    46
Dodge: Dodged            |    87 |    25 ||   112
Block: Shield            |    17 |    29 ||    46
       Rpst.: Falchion   |    25 |     8 ||    33

Table legend:
 A = Spawn XP
 B = Non-spawn XP
 C = Spawn XP percentage of total XP
 D = Spawn monster count
 E = Non-spawn monster count
 F = Spawn count percentage of total count
 G = Total turns spent on level
                    A         B        C        D         E        F      G
               +---------+---------+-------+---------+---------+-------+---------
         Total |       0 |     223 |   0.0 |       0 |      61 |   0.0 |  2653
               +---------+---------+-------+---------+---------+-------+---------
           D:1 |       0 |      25 |   0.0 |       0 |      11 |   0.0 |   956
           D:2 |       0 |     167 |   0.0 |       0 |      37 |   0.0 |  1342
           D:3 |       0 |      31 |   0.0 |       0 |      13 |   0.0 |   299
               +---------+---------+-------+---------+---------+-------+---------
